 Dungeon Crawl Stone Soup version 0.30.1-3-gfc49f6343a (webtiles) character file.

Game seed: 14579925883767899092

30 hilljack the Insei (level 3, -1/28 HPs)
             Began as a Merfolk Transmuter on July 18, 2023.
             Slain by a gnoll
             ... wielding a +0 halberd
              (3 damage)
             ... on level 2 of the Dungeon.
             The game lasted 00:02:23 (685 turns).

hilljack the Insei (Merfolk Transmuter)              Turns: 685, Time: 00:02:24

Health: -1/28      AC:  2    Str: 12    XL:     3   Next: 20%
Magic:  6/6        EV: 12    Int: 12    God:
Gold:   36         SH:  0    Dex: 14    Spells: 5/6 levels left

rFire   . . .        b - +0 short sword (venom)
rCold   . . .        (no shield)
rNeg    . . .        a - +0 robe
rPois   .            (no helmet)
rElec   .            (no cloak)
rCorr   .            (no gloves)
SInv    .            (no boots)
Will    .....        (no amulet)
Stlth   +            (no ring)
HPRegen 0.24/turn    (no ring)
MPRegen 0.10/turn

%: no passive effects
@: no status effects
A: (nimble swimmer 2), mertail
a: no special abilities


You were on level 2 of the Dungeon.
You visited 1 branch of the dungeon, and saw 2 of its levels.

You collected 36 gold pieces.

Inventory:

Hand Weapons
 b - a +0 short sword of venom (weapon)
Armour
 a - a +0 robe (worn)
Scrolls
 e - a scroll of identify {unknown}
 f - a scroll of brand weapon {unknown}
 g - a scroll of vulnerability {unknown}
Potions
 c - a potion of cancellation {unknown}
 d - a potion of brilliance {unknown}
 h - a potion of lignification
 i - a potion of curing {unknown}


   Skills:
 + Level 2.4 Fighting
 - Level 2.6 Dodging
 + Level 4.0 Unarmed Combat
 - Level 2.0 Spellcasting
 - Level 2.6 Transmutations


You had 5 spell levels left.
You knew the following spells:

 Your Spells              Type           Power      Damage    Failure   Level
a - Beastly Appendage     Tmut           14%        N/A       9%          1

Your spell library contained the following spells:

 Spells                   Type           Power      Damage    Failure   Level
 Wereblood                Tmut           7%         N/A       14%         2
 Spider Form              Tmut/Pois      4%         N/A       43%         3
 Dazzling Flash           Conj/Hex       2%         N/A       63%         3
 Ice Form                 Ice/Tmut       4%         N/A       83%         4
 Agony                    Necr           1%         N/A       100%        5
 Silence                  Hex/Air        0%         N/A       100%        5


Dungeon Overview and Level Annotations

Branches:
Dungeon (2/15)

Altars:


Innate Abilities, Weirdness & Mutations

((You are very nimble when in or above water. (Stealth+, EV+, Speed+++)))
Your lower body shifts to a powerful aquatic tail in water.


Message History

You hit the adder.
The adder is poisoned.
The adder is moderately wounded.
The adder bites you but does no damage.
You hit the adder.
You kill the adder!
Your Unarmed Combat skill increases to level 4!
You have reached level 3!
Your experience leads to an increase in your attributes!
Increase (S)trength, (I)ntelligence, or (D)exterity?
You feel stronger. x2
You now have 36 gold pieces (gained 8).
A hobgoblin and a frilled lizard come into view.
Found a quarterstaff.
The frilled lizard hisses angrily.
The frilled lizard barely misses you.
The hobgoblin shouts!
You hit the frilled lizard.
The frilled lizard is poisoned.
The frilled lizard is heavily wounded.
You kill the frilled lizard!
A gnoll comes into view. It is wielding a +0 whip.
A gnoll comes into view. It is wielding a +0 whip.
A gnoll comes into view. It is wielding a +0 halberd.
The hobgoblin hits you.
You hit the hobgoblin but do no damage.
The hobgoblin is poisoned.
The hobgoblin hits you but does no damage.
You hit the hobgoblin.
You kill the hobgoblin!
You barely miss the gnoll. The gnoll attacks as you move away!
The gnoll closely misses you. The gnoll hits you with a +0 halberd.
The gnoll hits you with a +0 whip!
You hit the gnoll but do no damage.
The gnoll is poisoned.
The gnoll closely misses you. The gnoll barely misses you.
You hit the gnoll but do no damage.
The gnoll looks even sicker.
The gnoll hits you with a +0 halberd!
* * * LOW HITPOINT WARNING * * *
The gnoll hits you with a +0 whip.
* * * LOW HITPOINT WARNING * * *
You hit the gnoll but do no damage.
The gnoll looks as sick as possible!
The gnoll hits you with a +0 halberd.
You die...

.
###.##.########.#
..#####.##.# #.#
.....g##.### #.#
.g...##...## #.#
#...#.....#####.#
#...#...........#
#...#.....#####
.####...##>..##
.........g@g##
#####!..###.#
.).....†# #.#
######..# #.#
.... ..#
#########


You could see 2 gnolls.

Vanquished Creatures
  An adder (D:2)
  A worm (D:2)
  A bat (D:2)
  An endoplasm (D:2)
  2 giant cockroaches (D:1)
  A goblin (D:1)
  A hobgoblin (D:2)
  2 jackals (D:1)
  2 kobolds (D:1)
  4 ball pythons (D:1)
  A frilled lizard (D:2)
  A rat (D:1)
18 creatures vanquished.

Notes
Turn   | Place    | Note
-------+----------+-------------------------------------------
     0 | D:1      | hilljack the Merfolk Transmuter began the quest for the
                  | Orb.
     0 | D:1      | Reached XP level 1. HP: 15/15 MP: 3/3
   212 | D:1      | Reached XP level 2. HP: 20/22 MP: 5/5
   646 | D:2      | Reached skill level 4 in Unarmed Combat
   646 | D:2      | Reached XP level 3. HP: 25/28 MP: 6/6
   685 | D:2      | Slain by a gnoll

Illustrated notes

Levels and vault maps discovered:
D:1:      dpeg_arrival_refuge, layout_rooms, minmay_tromino_v4_c
D:2:      layout_loops_ring, basic_altar, basic_ecumenical_altar

Skill      XL: |  1  2 |
---------------+-------+-----
Fighting       | 2 |  2.4
Unarmed Combat | 4 |  4.0
Dodging        | |  2.6
Spellcasting   | |  2.0
Transmutations | |  2.6

Action                     || total
---------------------------++-------
  Melee: Short sword       ||    48
         Unarmed           ||     2
         Punch             ||     1
    Use: Potion            ||     1
   Stab: Sleeping          ||     1
 Armour: Robe              ||    12
  Dodge: Dodged            ||    28
